 Dungeon Crawl Stone Soup version 0.30-a0-778-g2ef04afb54 (webtiles) character file.

Game seed: 2348764750929236280

52114 Smoke131 the Hawkeye (level 14, -2/143 HPs)
             Began as an Ogre Gladiator on Feb 16, 2023.
             Was a High Priest of Okawaru.
             Slain by an ettin
             ... wielding a +0 dire flail
              (42 damage)
             ... on level 1 of the Orcish Mines.
             The game lasted 01:58:55 (30961 turns).

Smoke131 the Hawkeye (Ogre Gladiator)              Turns: 30961, Time: 01:58:55

Health: -2/143     AC: 14    Str: 21    XL:     14   Next: 62%
Magic:  21/21      EV: 16    Int:  9    God:    Okawaru [*****.]
Gold:   993        SH:  5    Dex: 14    Spells: 13/13 levels left

rFire   . . .      SeeInvis .    H - +4 battleaxe (vamp)
rCold   . . .      Faith    .    (shield currently unavailable)
rNeg    . . .      Spirit   .    O - +0 troll leather armour
rPois   .          Reflect  +    a - +2 hat
rElec   .          Harm     .    N - +2 cloak
rCorr   .          Rampage  .    (gloves unavailable)
Will    +....                    (boots unavailable)
Stlth   +                        u - amulet of reflection
HPRegen 1.23/turn                q - +5 ring of evasion
MPRegen 0.17/turn                D - +4 ring of protection

@: no status effects
A: large, unfitting armour, tough skin 1
a: Renounce Religion, Heroism, Finesse, Duel


You were on level 1 of the Orcish Mines.
You worshipped Okawaru.
Okawaru was extremely pleased with you.
You visited 4 branches of the dungeon, and saw 21 of its levels.
You also visited: Sewer.

You collected 1233 gold pieces.
You spent 240 gold pieces at shops.

Inventory:

Hand Weapons
 f - a +0 triple sword
 h - a +2 hand axe of freezing
 n - the +3 whip "Guag" {antimagic, rC+ rN+ SInv}
   (You found it on level 4 of the Dungeon)

   rC:        It protects you from cold.
   rN:        It protects you from negative energy.
   SInv:      It lets you see invisible.
 w - a +2 whip of electrocution
 C - a +5 war axe
 H - a +4 vampiric battleaxe (weapon)
 L - a +1 dagger of venom
Missiles
 d - 3 throwing nets (quivered)
 i - 171 stones
 F - 3 poisoned darts
 Q - 6 javelins
Armour
 a - a +2 hat (worn)
 b - a +0 robe
 y - a +0 hat of stealth
 N - a +2 cloak (worn)
 O - a +0 troll leather armour (worn)
Jewellery
 c - a ring of ice
 l - a ring of flight
 q - a +5 ring of evasion (left hand)
 u - an amulet of reflection (around neck)
 A - a ring of protection from fire
 D - a +4 ring of protection (right hand)
 G - a ring of willpower
 J - a ring of protection from cold
Wands
 e - a wand of digging (8)
 p - a wand of roots (1)
 r - a wand of polymorph (5)
 I - a wand of flame (9)
Scrolls
 g - 5 scrolls of amnesia
 k - 6 scrolls of identify
 x - 5 scrolls of poison
 P - 2 scrolls of acquirement {unknown}
Potions
 j - 3 potions of mutation
 o - 6 potions of curing
 s - 5 potions of brilliance
 t - 2 potions of heal wounds
 v - 6 potions of lignification
 z - a potion of flight
 B - a potion of cancellation
 E - 5 potions of magic
 M - 2 potions of resistance
 R - a potion of haste


   Skills:
 - Level 10.0 Fighting
 - Level 3.0 Polearms
 + Level 21.4 Throwing
 - Level 5.0 Dodging
 - Level 10.0 Invocations


You had 13 spell levels left.
You didn't know any spells.
Your spell library contained the following spells:

 Spells                   Type           Power      Damage    Failure   Level
 Shock                    Conj/Air       0%         1d3       43%         1
 Ensorcelled Hibernation  Hex/Ice        0%         N/A       56%         2
 Gell's Gravitas          Tloc           0%         N/A       80%         3
 Kindle Blastsparks       Fire/Tloc/Air  0%         2d10      80%         3
 Spider Form              Tmut/Pois      0%         N/A       80%         3
 Swiftness                Air            0%         N/A       80%         3
 Teleport Other           Tloc           0%         N/A       80%         3
 Airstrike                Air            0%         2d(0-16)  99%         4
 Anguish                  Hex/Necr       0%         N/A       99%         4
 Fulminant Prism          Conj/Hex       0%         3d5       99%         4
 Iskenderun's Mystic Bla  Conj/Tloc      0%         2d3       99%         4
 Fireball                 Conj/Fire      0%         3d3       100%        5
 Iskenderun's Battlesphe  Conj           0%         2d6       100%        5
 Lee's Rapid Deconstruct  Erth           0%         3d4*      100%        5
 Conjure Ball Lightning   Conj/Air       0%         3x3d6     100%        6
 Dispersal                Tloc           0%         N/A       100%        6
 Orb of Destruction       Conj           0%         9d5       100%        7
 Summon Guardian Golem    Hex/Summ       Unusable   N/A       N/A         3
 Spellforged Servitor     Conj/Summ      Unusable   N/A       N/A         7

Dungeon Overview and Level Annotations

Branches:
Dungeon (14/15)            Temple (1/1) D:5            Lair (5/5) D:10
  Swamp (0/4) Lair:3        Snake (0/4) Lair:2        Slime (0/5) Lair:4
    Orc (1/2) D:11          Sewer (visited)
 Vaults: D:13-14

Altars:
Cheibriados
Dithmenos
Kikubaaqudgha
Makhleb
Okawaru
Qazlal
Trog
Uskayaw
Vehumet
Wu Jian
Xom
Yredelemnul

Shops:
D:2 !   D:4 (   D:6 [(

Annotations:
D:7 4 runed translucent doors
D:14 Kirke


Innate Abilities, Weirdness & Mutations

You are too large for most types of armour.
You have tough skin. (AC +1)


Message History

You slash the ettin!
You feel better.
The ettin is severely wounded.
An orc wizard comes into view. It is wielding a +4 dagger.
The orc warrior closely misses you.
The ettin hits you with a +0 dire flail!!
The ettin completely misses you.
The orc wizard shouts!
You barely miss the ettin.
The ettin is severely wounded.
The ettin is no longer moving slowly.
The orc warrior hits you but does no damage.
The orc wizard gestures wildly while chanting.
The orc wizard flickers and vanishes!
Deactivating autopickup; reactivate with Ctrl-A.
The ettin closely misses you. x2; The orc warrior closely misses you.
You block the orc warrior's attack.
An orc wizard comes into view. It is wielding a +0 dagger.
You barely miss the ettin.
The ettin is almost dead.
You hit the orc warrior but do no damage.
The ettin looks more healthy.
The ettin hits you with a +0 dire flail.
The ettin barely misses you.
The orc warrior hits you from afar with a +0 trident.
An orc wizard comes into view. It is wielding a +0 dagger.
You block the orc warrior's attack.
The ettin hits you with a +0 dire flail!
You block the ettin's attack.
The orc warrior hits you with a +0 hand axe!
* * * LOW HITPOINT WARNING * * *
The orc warrior closely misses you.
You hit the ettin but do no damage.
The ettin is almost dead.
You hit the orc warrior. The ettin hits you but does no damage.
You block the ettin's attack.
The orc warrior hits you with a +0 hand axe.
* * * LOW HITPOINT WARNING * * *
The orc warrior hits you but does no damage.
The ettin hits you with a +0 dire flail!!!
You die...

###### #. ##..#.###
#.##.##.......##
...............# ##
#.##....##.#...##.##
#(...C@####......#
#.....oo.##.....##
#.#..o...........##
...................#
........o..#......##
.......o...........#
....#.............##
...#.$............#
..#......>......#


You could see an ettin, 2 orc warriors, 2 orc wizards and an orc.

Vanquished Creatures
  Gastronok (Lair:2)
  A fire dragon (D:10)
  Fannar (D:11)
  3 hydras
  2 catoblepae (Lair:2)
  2 centaur warriors (D:13)
  The ghost of Vade the Spear-Bearer, a journeyman DsGl of Hepliaklqana (Lair:3)
  4 two-headed ogres
  A merfolk avatar (Lair:5)
  2 boulder beetles
  Erica (Lair:2)
  Sonja (Lair:2)
  Nergalle (Lair:2)
  A skyshark (Lair:3)
  2 sea snakes (Lair:5)
  A harpy (Lair:5)
  A manticore (D:11)
  5 elephants
  6 black mambas
  A torpor snail (Lair:5)
  11 komodo dragons
  14 cane toads
  6 rime drakes
  5 trolls
  A wind drake (Lair:5)
  4 polar bears
  2 snapping turtles (Lair:5)
  9 dream sheep
  18 blink frogs
  4 slime creatures (D:13)
  Sigmund (D:5)
  A wraith (D:12)
  3 fire bats (D:10)
  34 yaks
  Grum (D:8)
  5 wyverns
  2 fire elementals (D:10)
  A hog (D:14)
  A steam dragon (D:9)
  10 vampire mosquitoes
  2 basilisks
  4 nagas (Lair:2)
  20 water moccasins
  2 orc warriors
  A sky beast (D:7)
  3 black bears
  4 wolves (D:8)
  13 centaurs
  2 kobold brigands
  2 phantoms (D:4)
  Blork the orc (D:4)
  A necrophage (D:7)
  12 bullfrogs
  2 gnoll sergeants
  3 scorpions
  9 wights
  A howler monkey (D:4)
  5 electric eels (D:10)
  5 hounds
  4 orc priests
  4 jellies
  3 iguanas
  7 orc wizards
  11 gnolls
  13 adders
  3 shadow imps
  An ufetubus (D:5)
  A worm (D:3)
  2 dart slugs
  22 orcs
  11 ball pythons
  10 endoplasms
  12 giant cockroaches
  3 goblins (D:1)
  6 hobgoblins
  17 kobolds
  10 quokkas
  5 bats
  11 frilled lizards
  4 rats
423 creatures vanquished.

Vanquished Creatures (others)
  A two-headed ogre (D:11)
  A kobold (D:9)
  49 fungi
  54 plants
105 creatures vanquished.

Grand Total: 528 creatures vanquished

Notes
Turn   | Place    | Note
-------+----------+-------------------------------------------
     0 | D:1      | Smoke131 the Ogre Gladiator began the quest for the Orb.
     0 | D:1      | Reached XP level 1. HP: 22/22 MP: 1/1
   114 | D:1      | Reached XP level 2. HP: 25/31 MP: 2/2
   640 | D:1      | Reached XP level 3. HP: 35/37 MP: 3/3
   709 | D:2      | Reached skill level 3 in Throwing
   757 | D:2      | Found Cuminor's Distillery.
   821 | D:2      | Noticed a black bear
  1309 | D:3      | Found a faded altar of an unknown god.
  1469 | D:3      | Reached XP level 4. HP: 38/45 MP: 4/4
  1572 | D:3      | Reached skill level 4 in Throwing
  2349 | D:4      | Noticed a phantom
  2372 | D:4      | Reached XP level 5. HP: 35/53 MP: 5/5
  2438 | D:4      | Found a glowing drain.
  2443 | Sewer    | Entered a sewer
  2468 | Sewer    | Reached skill level 5 in Throwing
  3095 | Sewer    | Reached skill level 6 in Throwing
  3095 | Sewer    | Reached XP level 6. HP: 50/61 MP: 6/6
  3367 | D:4      | Identified the +3 whip "Guag" {antimagic, rC+ rN+ SInv}
  3416 | D:4      | Reached skill level 7 in Throwing
  3416 | D:4      | Reached XP level 7. HP: 53/67 MP: 7/7
  3476 | D:4      | Noticed Blork the orc
  3498 | D:4      | Killed Blork the orc
  3908 | D:4      | Reached skill level 8 in Throwing
  4126 | D:4      | Found Qofaos's Antique Weapon Shop.
  4135 | D:4      | Bought a pitted mace for 240 gold pieces
  4135 | D:4      | Identified the +3 mace of Exchange {drain, rN+ Will+ rCorr
                  | Int-5} (You bought it in a shop on level 4 of the Dungeon)
  4788 | D:5      | Entered Level 5 of the Dungeon
  4826 | D:5      | Found a staircase to the Ecumenical Temple.
  4841 | Temple   | Entered the Ecumenical Temple
  4847 | Temple   | Became a worshipper of Warmaster Okawaru
  4874 | D:5      | Reached skill level 1 in Invocations
  5244 | D:5      | Reached XP level 8. HP: 69/75 MP: 9/9
  5280 | D:5      | Noticed Sigmund
  5284 | D:5      | Killed Sigmund
  5394 | D:5      | Reached skill level 9 in Throwing
  5455 | D:5      | Found a radiant altar of Vehumet.
  5726 | D:5      | Reached * piety under Okawaru
  5884 | D:6      | Reached skill level 5 in Invocations
  6789 | D:6      | Found Goer's Weapon Shoppe.
  6833 | D:6      | Reached XP level 9. HP: 73/81 MP: 13/13
  6963 | D:6      | Found Ozanguh's Antique Armour Shop.
  7285 | D:6      | Reached skill level 10 in Throwing
  8436 | D:7      | Found a huge runed translucent gate.
  8436 | D:7      | Noticed a polar bear
  8437 | D:7      | Found a huge runed translucent gate.
  8437 | D:7      | Noticed a polar bear
  8438 | D:7      | Found a huge runed translucent gate.
  8438 | D:7      | Noticed a polar bear
  8438 | D:7      | Noticed a polar bear
  8438 | D:7      | Noticed a death yak
  8439 | D:7      | Found a huge runed translucent gate.
  8439 | D:7      | Noticed a polar bear
  8550 | D:7      | Reached ** piety under Okawaru
  9180 | D:8      | Noticed Grum
  9241 | D:8      | Killed Grum
  9242 | D:8      | Reached skill level 11 in Throwing
  9536 | D:8      | Identified the +4 scale mail of Ucid {rElec Regen+ Stlth+}
  9541 | D:8      | Reached XP level 10. HP: 76/91 MP: 5/16
  9691 | D:8      | Found an ancient bone altar of Kikubaaqudgha.
  9869 | D:8      | Found a stormy altar of Qazlal.
 10568 | D:9      | Noticed a two-headed ogre
 10618 | D:8      | Killed a two-headed ogre
 10618 | D:8      | Reached *** piety under Okawaru
 10619 | D:8      | Reached skill level 12 in Throwing
 11038 | D:8      | Received a gift from Okawaru
 11039 | D:8      | Reached skill level 10 in Invocations
 11935 | D:9      | Received a gift from Okawaru
 11936 | D:9      | Reached skill level 13 in Throwing
 11940 | D:9      | Reached **** piety under Okawaru
 12154 | D:10     | Entered Level 10 of the Dungeon
 12266 | D:10     | Reached XP level 11. HP: 87/97 MP: 18/18
 12313 | D:10     | Found a staircase to the Lair.
 12521 | D:10     | Reached ***** piety under Okawaru
 12850 | D:10     | Reached skill level 5 in Fighting
 13174 | D:10     | Noticed a fire dragon
 13331 | Lair:1   | Entered Level 1 of the Lair of Beasts
 13697 | Lair:1   | Received a gift from Okawaru
 13698 | Lair:1   | Reached skill level 5 in Dodging
 13957 | Lair:1   | Reached skill level 14 in Throwing
 15015 | Lair:1   | Received a gift from Okawaru
 15578 | Lair:2   | Noticed a six-headed hydra
 15613 | Lair:2   | Reached skill level 15 in Throwing
 16291 | Lair:2   | Noticed Gastronok
 16440 | Lair:1   | Reached XP level 12. HP: 91/111 MP: 19/19
 16520 | Lair:2   | Identified the +7 glaive of Yruloodi {elec, rF+ Str+3 Dex-5
                  | Stlth+} (Okawaru gifted it to you on level 2 of the Lair of
                  | Beasts)
 16520 | Lair:2   | Received a gift from Okawaru
 16690 | Lair:1   | Killed a six-headed hydra
 16757 | Lair:2   | Reached skill level 16 in Throwing
 16778 | Lair:2   | Noticed Erica
 17029 | Lair:2   | Killed Gastronok
 17301 | Lair:2   | Noticed Nergalle
 17312 | Lair:2   | Killed Nergalle
 18002 | Lair:2   | Killed Erica
 18003 | Lair:2   | Reached skill level 17 in Throwing
 18015 | Lair:2   | Noticed a catoblepas
 18298 | Lair:2   | Noticed Sonja
 18308 | Lair:2   | Killed Sonja
 18308 | Lair:2   | Received a gift from Okawaru
 18460 | Lair:2   | Found a staircase to the Snake Pit.
 18474 | Lair:2   | Killed a catoblepas
 18700 | Lair:2   | You fall into a shaft and drop 2 floors!
 18700 | Lair:4   | Found a burning altar of Makhleb.
 18782 | Lair:4   | Reached skill level 18 in Throwing
 19328 | Lair:4   | Found a staircase to the Slime Pits.
 19405 | Lair:2   | Noticed a catoblepas
 19489 | Lair:2   | Killed a catoblepas
 19490 | Lair:2   | Reached XP level 13. HP: 113/118 MP: 20/20
 20236 | Lair:3   | Found a runed translucent door.
 20255 | Lair:3   | Found an ornate altar of the Wu Jian Council.
 21175 | Lair:3   | Received a gift from Okawaru
 21258 | Lair:3   | Found a staircase to the Swamp.
 21483 | Lair:3   | Noticed Vade's ghost (journeyman DsGl)
 22559 | Lair:5   | Entered Level 5 of the Lair of Beasts
 23423 | Lair:4   | Reached skill level 19 in Throwing
 25472 | Lair:5   | Received a gift from Okawaru
 25547 | Lair:5   | Reached skill level 10 in Fighting
 26472 | Lair:5   | Received a gift from Okawaru
 26612 | Lair:5   | Reached XP level 14. HP: 115/143 MP: 21/21
 26745 | Lair:5   | Reached skill level 20 in Throwing
 27324 | Lair:4   | Received a gift from Okawaru
 27946 | Lair:3   | Killed Vade's ghost
 28248 | D:11     | Noticed Fannar
 28254 | D:11     | Killed Fannar
 29910 | D:11     | You fall into a shaft and drop 3 floors!
 29944 | D:14     | Noticed Kirke
 30013 | D:13     | Reached skill level 21 in Throwing
 30418 | D:13     | Found a gate leading to a gauntlet.
 30534 | D:11     | Found a staircase to the Orcish Mines.
 30838 | Orc:1    | Entered Level 1 of the Orcish Mines
 30961 | Orc:1    | Slain by an ettin

Illustrated notes

Levels and vault maps discovered:
D:1:      scummos_arrival_forest, layout_loops_cross, minmay_misc_feat_chi
D:2:      layout_rooms, serial_curves, eino_curves_03, eino_curves_01,
          serial_shops, shop
D:3:      layout_basic, nicolae_ecumenical_lake_church
D:4:      layout_layer_cave, serial_shops, shop, portal_sewer_entry_e,
          uniq_blork_the_orc
D:5:      layout_basic, nicolae_vehumet_altar_sigil,
          minmay_temple_entry_junction, uniq_sigmund
D:6:      layout_basic, serial_shops, kennysheep_mini_moat,
          nicolae_shop_bloodbath_and_beyond
D:7:      lemuel_bear_cage, layout_layer_cave, minmay_misc_feat_secret_circle
D:8:      layout_basic, mainiacjoe_overflow_tiny_flanked, kennysheep_little_box,
          uniq_grum
D:9:      layout_irregular_city, serial_column_ruins,
          column_ruins_square_medium, column_ruins_open_tiny,
          column_ruins_open_small_water, column_ruins_open_small,
          column_ruins_columns_straight, column_ruins_columns_straight,
          column_ruins_corridor_dead_end
D:10:     minmay_firetagon, layout_basic, evilmike_ruin_ashenzari,
          grunt_lair_entry_orc_guard_hut, serial_shops, shop_fountains
D:11:     layout_loops_ring, orc_0_dummy, grunt_ministairs_1, uniq_fannar
D:12:     layout_roguey, uniq_rupert, uniq_psyche
D:13:     layout_roguey, david_vaults_1, gauntlet_entry_generic,
          portal_ice_cave_entry_imps, minmay_pinched_square, uniq_josephine
D:14:     layout_rooms, nicolae_two_hexagons, uniq_louise, uniq_snorg,
          uniq_kirke
Temple:   eino_narrow_crystal_temple
Lair:1:   layout_hall_layers
Lair:2:   layout_regular_city, guppyfry_snake_entry_island, grunt_megastairs_5,
          uniq_gastronok, uniq_nergalle, uniq_erica, uniq_sonja
Lair:3:   layout_regular_city, palyth_hydra_swamp_entry,
          ebering_ghost_inner_flame, basic_altar
Lair:4:   layout_loops_ring, minmay_slime_entry_oklob_open, basic_altar,
          chequers_serial_rivers_large_b
Lair:5:   gammafunk_lair_ancient_temple, layout_gridlike
Orc:1:    layout_caves, uniq_erolcha

Skill      XL: |  1  2  3  4  5  6  7  8  9 10 11 12 13 14 |
---------------+-------------------------------------------+-----
Fighting       | 3 5 10 | 10.0
Dodging        | 3 5 |  5.0
Throwing       | 3 4 6 7 8 9 11 13 15 18 19 21 | 21.4
Invocations    | 2 5 8 10 | 10.0
Polearms       | |  3.0

Action                     |  1- 3 |  4- 6 |  7- 9 | 10-12 | 13-15 || total
---------------------------+-------+-------+-------+-------+-------++-------
  Melee: Trident           |    31 |       |       |       |       ||    31
         Punch             |     3 |     2 |     7 |    14 |     5 ||    31
         Hand axe          |    64 |    19 |     5 |       |       ||    88
         Whip              |       |   199 |   289 |   595 |   621 ||  1704
         Battleaxe         |       |       |       |       |   100 ||   100
  Throw: Dart              |     2 |    10 |    52 |   154 |    68 ||   286
         Large rock        |     1 |     1 |       |    37 |    82 ||   121
         Throwing net      |     1 |     1 |     1 |     1 |     1 ||     5
         Stone             |       |     7 |       |     9 |     4 ||    20
         Boomerang         |       |       |     8 |    40 |    69 ||   117
         Javelin           |       |       |       |    17 |     5 ||    22
 Invoke: Heroism           |       |       |       |     3 |     7 ||    10
         Finesse           |       |       |       |     2 |     7 ||     9
  Evoke: Wand              |       |       |    17 |    41 |    12 ||    70
    Use: Scroll            |       |    11 |     3 |    11 |     2 ||    27
         Potion            |       |     1 |     7 |    13 |     5 ||    26
   Stab: Sleeping          |     1 |       |       |       |       ||     1
         Invisible         |       |       |       |     2 |       ||     2
 Armour: Robe              |    32 |    63 |    71 |   147 |   224 ||   537
         Troll leather arm |       |       |       |       |    56 ||    56
  Dodge: Dodged            |    80 |   128 |   181 |   509 |   769 ||  1667
  Block: Other             |       |       |    91 |   155 |   217 ||   463
         Reflection        |       |       |     8 |     6 |     9 ||    23

Table legend: (Time is in decaauts)
 A = Elapsed time spent in this place.
 B = Non-inter-level travel time spent in this place.
 C = Inter-level travel time spent in this place.
 D = Time resting spent in this place.
 E = Time spent auto-exploring this place.
 F = Levels seen in this place.
 G = Mean time per level.
                   A        B        C        D        E       F      G
               +--------+--------+--------+--------+--------+-----+--------+
         Total |  31088 |  29607 |   1481 |  10561 |  10352 |  22 | 1413.1 |
       Dungeon |  16133 |  15343 |    790 |   4276 |   6643 |  14 | 1152.4 |
        Temple |     12 |     12 |      0 |      0 |      0 |   1 |   12.0 |
          Lair |  14097 |  13406 |    691 |   6016 |   3629 |   5 | 2819.4 |
  Orcish Mines |     51 |     51 |      0 |      0 |      0 |   1 |   51.0 |
         Sewer |    792 |    792 |      0 |    268 |     80 |   1 |  792.0 |
               +--------+--------+--------+--------+--------+-----+--------+

Top non-repeatable levels by time:
  Lair:1: 3891 daAuts
  Lair:4: 3674 daAuts
  Lair:5: 2549 daAuts
    D:10: 2433 daAuts
  Lair:3: 2057 daAuts
  Lair:2: 1925 daAuts
     D:9: 1845 daAuts
     D:4: 1695 daAuts
     D:8: 1589 daAuts
     D:5: 1532 daAuts
     D:7: 1484 daAuts
     D:6: 1251 daAuts
    D:11: 1222 daAuts
     D:3: 1221 daAuts
   Sewer: 792 daAuts
